 Dungeon Crawl Stone Soup version 0.21-a0-201-g8501b10 (webtiles) character file.

937 tehllama the Insei (level 8, 0/48 HPs)
             Began as an Octopode Transmuter on Aug 17, 2017.
             Was an Initiate of Gozag.
             Shot with an arrow by a centaur (16 damage)
             ... on level 5 of the Dungeon.
             The game lasted 00:09:37 (5380 turns).

tehllama the Insei (Octopode Transmuter)            Turns: 5380, Time: 00:09:38

Health: 0/48       AC:  2    Str: 12    XL:     8   Next: 12%
Magic:  9/12       EV: 20    Int: 15    God:    Gozag
Gold:   419        SH:  0    Dex: 17    Spells: 6/12 levels left

rFire    + . .     SeeInvis .     - Unarmed
rCold    . . .     Gourm    .   (shield currently unavailable)
rNeg     . . .     Faith    .   (helmet currently unavailable)
rPois    x         Spirit   .   (no amulet)
rElec    .         Reflect  .   e - ring of protection from fire (curse)
rCorr    .         Harm     .   (no ring)
MR       .....                  (no ring)
Stlth    +++.......             (no ring)
HPRegen  0.16/turn              (no ring)
MPRegen  0.13/turn              (no ring)
                                (no ring)
                                (no ring)

@: spider-form
A: almost no armour, stealthy swim, (amphibious), 8 rings, (constrict 8)
a: End Transformation, Potion Petition, Call Merchant, Bribe Branch, Renounce
Religion


You were on level 5 of the Dungeon.
You worshipped Gozag.
Gozag was aware of your devotion.
You were not hungry.
You were a venomous arachnid creature.
You visited 2 branches of the dungeon, and saw 6 of its levels.
You also visited: Ossuary.

You collected 506 gold pieces.
You paid 87 gold pieces to Gozag.

Inventory:

Missiles
 a - 58 arrows
 j - 30 poisoned needles
Jewellery
 e - a cursed ring of protection from fire (left front leg)
 q - an uncursed ring of fire
Scrolls
 g - 6 scrolls of remove curse
 h - 2 scrolls of recharging
 l - a scroll of enchant weapon
 p - a scroll of fog
 s - a scroll of summoning
 w - a scroll of teleportation
Potions
 d - a potion of might {unknown}
 f - 6 potions of curing
 i - 2 potions of berserk rage
 k - a potion of ambrosia {unknown}
 m - 4 potions of cancellation
 n - a potion of lignification {unknown}
 o - a potion of brilliance {unknown}
 r - a potion of mutation {unknown}
 t - 2 potions of haste
 u - a potion of degeneration {unknown}
 v - 3 potions of heal wounds {unknown}
Books
 b - a book of Changes

   Spells                             Type                      Level
   a - Beastly Appendage              Transmutation                1
   b - Sticks to Snakes               Transmutation                2
   c - Spider Form                    Transmutation/Poison         3
   d - Ice Form                       Ice/Transmutation            4
   e - Blade Hands                    Transmutation                5
Comestibles
 c - 3 bread rations


   Skills:
 - Level 1.0 Fighting
 + Level 2.8 Dodging
 + Level 6.3 Stealth
 * Level 6.5 Unarmed Combat
 + Level 2.9 Spellcasting
 * Level 3.6 Transmutations
 + Level 2.6 Poison Magic


You had 6 spell levels left.
You knew the following spells:

 Your Spells              Type           Power        Failure   Level  Hunger
a - Beastly Appendage     Tmut           ##....       14%         1    #......
b - Sticks to Snakes      Tmut           ##......     19%         2    ##.....
c - Spider Form           Tmut/Pois      ##........   36%         3    ###....


Dungeon Overview and Level Annotations

Branches:
Dungeon (5/15)             Temple (1/1) D:5

Altars:
Elyvilon
Fedhas
Gozag
Hepliaklqana
Kikubaaqudgha
Okawaru
Ru
Uskayaw


Innate Abilities, Weirdness & Mutations

You cannot wear most types of armour.
You are very stealthy in the water. (Stealth+)
((You are amphibious.))
You can wear up to eight rings at the same time.
((You can use your tentacles to constrict eight enemies at once.))
((Your skin changes colour to match your surroundings (Stealth+).))
((Your rubbery body absorbs attacks. (AC +1, EV +1)))


Message History

You open the door.
There is an open door here.
You see here a dagger.
You open the door.
There is an open door here.
You open the door.
There is an open door here.
A centaur comes into view.
The centaur shouts!
The centaur wields a shortbow.
The centaur shoots an arrow.
The arrow hits you!
The centaur shoots an arrow.
The arrow hits you!
You see here 2 arrows.
Casting: Beastly Appendage
Confirm with . or Enter, or press ? or * to list all spells.
You turn into a venomous arachnid creature.
The centaur shoots an arrow.
The arrow closely misses you.
The centaur shoots an arrow.
The arrow hits you.
The centaur shoots an arrow.
The arrow hits you!
You die...
Your body crumbles into a pile of gold.

.....
#..#....#
#....
#..#....#
.....
#..#....#
.....
#..#....####
#....
#..##'###..#
......
#......#...#
....%.
+......#...#
#.....
#......#...#
#.....
#...(.(.s..#
......
#..##....###
...... ###
####....
......
#..c.#
......
#....#
######
#....#
#....#
#....#


You could see a centaur.

Vanquished Creatures
  Sigmund (D:3)
  5 water moccasin zombies (Ossuary)
  A crimson imp (D:5)
  2 centaur skeletons (D:4)
  A hound (D:5)
  An orc priest (D:4)
  Jessica (D:2)
  2 orc wizards
  A worker ant (D:5)
  A hound skeleton (D:4)
  2 mummies (Ossuary)
  A worker ant zombie (D:5)
  3 gnolls (D:5)
  3 adders
  An ooze (D:2)
  3 adder zombies
  An adder skeleton (D:5)
  5 worms
  2 dart slugs (D:1)
  A leopard gecko (D:4)
  11 orcs
  6 giant cockroaches
  5 gnoll zombies (Ossuary)
  9 goblins
  7 hobgoblins
  8 jackals
  2 quokkas
  6 bats
  9 frilled lizards
  9 hobgoblin zombies (Ossuary)
  A jackal skeleton (D:4)
  10 kobolds
  5 kobold zombies (Ossuary)
  4 orc zombies (Ossuary)
  7 rats
137 creatures vanquished.

Notes
Turn   | Place    | Note
-------+----------+-------------------------------------------
     0 | D:1      | tehllama the Octopode Transmuter began the quest for the Orb.
     0 | D:1      | Reached XP level 1. HP: 13/13 MP: 3/3
   102 | D:1      | Reached XP level 2. HP: 18/18 MP: 3/5
   673 | D:1      | Reached XP level 3. HP: 23/23 MP: 6/6
  1169 | D:2      | Reached skill level 1 in Stealth
  1526 | D:2      | Noticed Jessica
  1534 | D:2      | Reached XP level 4. HP: 26/28 MP: 7/7
  1538 | D:2      | Killed Jessica
  1670 | D:2      | Found a faded altar of an unknown god.
  2143 | D:3      | Reached skill level 5 in Unarmed Combat
  2143 | D:3      | Reached XP level 5. HP: 31/33 MP: 6/8
  2186 | D:3      | Noticed Sigmund
  2197 | D:3      | Killed Sigmund
  2197 | D:3      | Reached skill level 5 in Stealth
  2197 | D:3      | Reached XP level 6. HP: 38/38 MP: 7/9
  2201 | D:3      | Learned a level 2 spell: Sticks to Snakes
  2205 | D:3      | Learned a level 3 spell: Spider Form
  2497 | D:3      | Found a white marble altar of Elyvilon.
  2567 | D:3      | Noticed a hand axe
  2569 | D:3      | Noticed a dagger
  2570 | D:3      | Found a hide-covered altar of Uskayaw.
  3581 | D:4      | Reached XP level 7. HP: 35/43 MP: 8/10
  3638 | D:4      | Found a blossoming altar of Fedhas.
  3698 | D:5      | Entered Level 5 of the Dungeon
  3771 | D:5      | Reached skill level 1 in Poison Magic
  3857 | D:5      | Found a staircase to the Ecumenical Temple.
  3871 | Temple   | Entered the Ecumenical Temple
  3949 | Temple   | Became a worshipper of Gozag Ym Sagoz the Greedy
  3985 | D:5      | Found a sand-covered staircase.
  3994 | Ossuary  | Entered an ossuary
  4845 | Ossuary  | Reached XP level 8. HP: 35/48 MP: 10/12
  5380 | D:5      | Shot with an arrow by a centaur

Vault maps used:
D:1:      dpeg_arrival_tiny_c
D:2:      chequers_ecumenical_altar_island, uniq_jessica
D:3:      dancing_weapons_uskayaw, first_bread, elyvilon_altar_3, uniq_sigmund
D:4:      fedhas_altar_3
D:5:      grunt_temple_overflow_holy_war, minmay_temple_entry_large_hall,
          nicolae_ossuary_entry_monument, kennysheep_generic_room_11,
          uniq_duvessa
Temple:   minmay_temple_curvy_branch
Ossuary:  ossuary_tomb_2

Skill      XL: |  1  2  3  4  5  6  7 |
---------------+----------------------+-----
Unarmed Combat | 4 5 6 |  6.5
Stealth        | 2 3 5 6 |  6.3
Poison Magic   | 2 |  2.6
Transmutations | 3 |  3.6
Fighting       | |  1.0
Dodging        | |  2.8
Spellcasting   | |  2.9

Action                   |  1- 3 |  4- 6 |  7- 9 || total
-------------------------+-------+-------+-------++-------
Melee: Unarmed           |    71 |   111 |   125 ||   307
       Constrict         |    21 |    25 |    28 ||    74
       Tentacles         |    18 |    17 |    18 ||    53
       Kick              |     6 |    17 |    35 ||    58
       Punch             |       |     4 |     2 ||     6
 Cast: Beastly Appendage |    13 |    23 |    16 ||    52
       Spider Form       |       |     1 |     3 ||     4
  Use: Scroll            |       |       |    15 ||    15
 Stab: Sleeping          |     6 |     4 |     9 ||    19
       Distracted        |       |       |     1 ||     1
  Eat: Chunk             |     2 |     7 |     2 ||    11
       Royal jelly       |       |       |     1 ||     1
       Bread ration      |       |       |     1 ||     1
Armor: Skin              |     6 |     9 |     4 ||    19
Dodge: Dodged            |    39 |    67 |    62 ||   168
